AoeStats
← sNNNNN9STAR!

Fortress

507536490Analyzed
3v3 RM · 15d ago on Sep 18, 2026· 46m 2s· 6 players
Game mode
Random Map
Map size
Large (8 player)
Population
200
Speed
Normal
Resources
Standard
Victory
Conquest
Starting age
Dark Age
Ending age
Imperial Age
RankedLock teamsTeams togetherTeam positionsShared explorationLock speedFull tech treeHidden civsTurbo modeCheats
Victory
Defeat
🇫🇷 Koreans · France
1272
+12
🇫🇷 Lithuanians · France
1150
+17
🇹🇷 Hindustanis · Türkiye
1146
+17
🇩🇪 Teutons · Germany
1257
-18
🇩🇪 Persians · Germany
1238
-18
🇩🇪 Britons · Germany
1037
-10
erni_king1
7:31 Feudal Age
8:05 Double-Bit Axe
13:34 Castle Age
12:03 Gold Mining
12:06 Stone Mining
12:08 Horse Collar
13:41 Wheelbarrow
14:18 Forging
20:39 Husbandry
21:17 Heavy Plow
22:23 Hand Cart
27:29 Imperial Age
24:45 Town Watch
25:28 Scale Barding Armor
25:47 Bloodlines
27:05 Iron Casting
26:51 Chain Barding Armor
27:36 Gold Shaft Mining
28:49 Blast Furnace
27:44 Heavy Camel Rider
29:24 Plate Barding Armor
31:49 Conscription
33:52 Cavalier
36:14 Onager
Ding-Dong
3:38 Loom
9:21 Feudal Age
13:32 Castle Age
11:43 Stone Mining
12:01 Double-Bit Axe
14:51 Horse Collar
15:24 Fletching
17:19 Gold Mining
21:28 Ironclad
24:26 Wheelbarrow
25:18 Heavy Plow
25:32 Squires
25:44 Town Watch
29:25 Imperial Age
27:43 Pikeman
28:32 Scale Mail Armor
29:22 Bow Saw
30:08 Masonry
30:54 Hoardings
29:47 Halberdier
31:36 Chain Mail Armor
32:41 Conscription
33:44 Plate Mail Armor
33:48 Arson
34:33 Bodkin Arrow
35:18 Forging
38:46 Chemistry
38:44 Iron Casting
39:38 Ballistics
41:26 Hand Cart
41:39 Padded Archer Armor
41:05 Elite Skirmisher
42:51 Blast Furnace
42:49 Guard Tower
44:25 Keep
sNNNNN9STAR!
1:42 Loom
8:17 Feudal Age
8:50 Double-Bit Axe
13:47 Castle Age
11:54 Horse Collar
13:35 Wheelbarrow
13:24 Town Watch
15:38 Bow Saw
16:45 Stone Mining
17:12 Heavy Plow
20:32 Treadmill Crane
21:08 Fletching
21:44 Gold Mining
23:07 Ballistics
25:28 Yeomen
26:50 Pikeman
28:35 Bodkin Arrow
29:19 Padded Archer Armor
34:33 Imperial Age
32:19 Hand Cart
33:14 Leather Archer Armor
36:52 Masonry
39:50 Hand Cart
44:40 Two-Man Saw
Le Miel Jospin
7:47 Feudal Age
11:21 Castle Age
9:35 Double-Bit Axe
10:06 Horse Collar
14:04 Bow Saw
14:22 Loom
16:58 Heavy Plow
18:31 Fletching
19:48 Wheelbarrow
21:22 Gold Mining
25:20 Imperial Age
23:08 Hand Cart
24:23 Bodkin Arrow
26:04 Bracer
27:20 Chemistry
27:15 Elite War Wagon
28:45 Conscription
29:31 Ballistics
31:39 Siege Engineers
33:07 Eupseong
33:54 Arrowslits
34:23 Fortified Wall
36:42 Masonry
36:31 Murder Holes
38:25 Caravan
43:40 Elite Fire Lancer
44:20 Squires
44:22 Scale Mail Armor
44:33 Forging
Elfufu
7:50 Feudal Age
8:19 Horse Collar
8:26 Double-Bit Axe
13:50 Castle Age
17:34 Fortified Wall
23:19 Loom
24:47 Fervor
27:54 Bow Saw
29:43 Husbandry
31:56 Bloodlines
31:55 Scale Barding Armor
32:55 Bow Saw
35:40 Imperial Age
36:35 Heavy Plow
37:33 Hoardings
36:21 Elite Leitis
37:06 Herbal Medicine
39:09 Two-Man Saw
39:10 Caravan
41:14 Wheelbarrow
43:13 Chain Barding Armor
43:05 Forging
Ubeydullah
7:14 Feudal Age
12:01 Castle Age
9:58 Double-Bit Axe
10:56 Horse Collar
13:45 Bow Saw
14:01 Loom
16:12 Wheelbarrow
17:00 Heavy Plow
16:56 Gold Mining
20:05 Husbandry
20:13 Scale Barding Armor
20:19 Forging
24:34 Imperial Age
23:06 Gold Shaft Mining
25:17 Hand Cart
26:26 Chemistry
24:49 Heavy Camel Rider
26:23 Bloodlines
27:17 Stone Mining
29:03 Imperial Camel Rider
30:06 Chain Barding Armor
30:22 Iron Casting
32:06 Stone Shaft Mining
31:55 Ballistics
33:02 Plate Barding Armor
33:29 Blast Furnace
32:46 Thumb Ring
35:26 Light Cavalry
36:01 Elite Skirmisher
37:51 Two-Man Saw
40:42 Hussar
42:23 Town Watch
43:34 Town Patrol
Connection lost

Rejoining the realm…

Still unreachable

The connection could not be restored.

Session expired

The server has moved on; the page needs a fresh start.